 Dungeon Crawl Stone Soup version 0.18-a0-1273-g8ec5f8e (webtiles) character file.

686 namelastname112 the Shooter (level 7, 0/60 HPs)
             Began as a Grey Draconian Hunter on Feb 7, 2016.
             Killed by divine providence
             ... invoked by an orc priest
              (9 damage)
             ... on level 5 of the Dungeon.
             The game lasted 00:06:33 (5321 turns).

namelastname112 the Shooter (Grey Draconian Hunter) Turns: 5321, Time: 00:06:33

Health: 0/60       AC: 11    Str: 13 (14) XL:     7   Next: 35%
Magic:  7/7        EV: 13    Int:  8 (11) God:
Gold:   136        SH:  0    Dex: 13 (14) Spells: 0 memorised, 6 levels left

rFire  . . .     SeeInvis .     p - +3 whip of Internal Strife {drain, rC+}
rCold  + . .     Gourm    .     (armour unavailable)
rNeg   . . .     Faith    .     (no shield)
rPois  .         Spirit   .     (helmet restricted)
rElec  .         Dismiss  .     (no cloak)
rCorr  .         Reflect  .     (no gloves)
SustAt .         Harm     .     (no boots)
MR     .....                    (no amulet)
Stlth  +.........               (no ring)
                                (no ring)

@: not resistant to hostile enchantments, very unstealthy
A: walk through water, unfitting armour, unbreathing, cold-blooded, AC +11
a: no special abilities


You were on level 5 of the Dungeon.
You were not hungry.

You visited 1 branch of the dungeon, and saw 5 of its levels.

You collected 136 gold pieces.

Inventory:

Hand Weapons
 a - a +1 shortbow
 b - a +0 short sword
 e - a +0 spear of venom
 p - the +3 whip of Internal Strife (weapon) {drain, rC+}
   (You found it on level 4 of the Dungeon)

   A truly terrible weapon, it drains the life of those it strikes.
   It protects you from cold.
Missiles
 c - 60 arrows
 q - 15 arrows of dispersal
Jewellery
 m - an uncursed ring of protection from magic {unknown}
Wands
 s - a wand of teleportation (2/9)
Scrolls
 f - 2 scrolls of remove curse
 h - a scroll of immolation {unknown}
 i - 2 scrolls of identify {unknown}
 j - a scroll of fear {unknown}
 k - a scroll of fog {unknown}
 l - 3 scrolls of enchant armour {unknown}
 n - a scroll of recharging {unknown}
 o - 4 scrolls of teleportation {unknown}
Comestibles
 d - 2 bread rations
 r - a beef jerky


   Skills:
 + Level 4.9 Fighting
 * Level 6.5 Bows
 + Level 3.8 Dodging
 - Level 0.8 Stealth


You had 6 spell levels left.
You didn't know any spells.

Dungeon Overview and Level Annotations

Branches:
Dungeon (5/15)
 Temple: D:4-7

Altars:
Cheibriados
Elyvilon
Kikubaaqudgha

Annotations:
D:4 YrmMerkstave's ghost, amateur MfGl
D:5 Grinder; Menkaure


Innate Abilities, Weirdness & Mutations

You can walk through water.
Your dull iron-grey scales are very hard (AC +11).
Your body does not fit into most forms of armour.
You can survive without breathing.
You are cold-blooded and may be slowed by cold attacks.


Message History

Reactivating autopickup.
You feel a bit more experienced.
The centaur zombie moves out of view.
A worker ant comes into view.
You hit the orc. You drain the orc!
The orc is moderately wounded.
The worker ant moves out of view.
The orc completely misses you.
You aren't carrying any potions.
You hit the orc but do no damage. You drain the orc!
The orc is severely wounded.
The orc priest looks braver for a moment.
The orc closely misses you.
You hit the orc but do no damage. You drain the orc!
The orc is almost dead.
The orc misses you.
You hit the orc.
You kill the orc!
You feel your strength returning.
The orc priest mumbles some strange prayers to Beogh against you.
Something smites you!
You die...

♣♣ . ♣) .. ♣♣.♣♣ ... ♣♣...♣
... ♣P..P♣ .a #....#
#o####### #....# #o[@....#
....# #######.###### .Z<##
#..........# ......# ###
#..........#
...##.........##..........#
..... ...# #.............#
.##... ..# ####........[.#
.. .... .# #..........#
#...... # #..........#


You could see a worker ant, an orc priest and an orc.

Vanquished Creatures
  Duvessa (D:5)
  An ogre (D:5)
  Dowan (D:5)
  2 vampire bats (D:3)
  A crimson imp (D:3)
  3 orc wizards
  3 orc priests
  A hound (D:3)
  A worker ant (D:4)
  A hound skeleton (D:5)
  A worker ant zombie (D:5)
  9 adders
  An adder skeleton (D:4)
  3 worms
  3 giant geckos
  11 orcs
  2 bat skeletons (D:3)
  4 bat zombies (D:3)
  2 giant cockroaches
  9 goblins
  10 hobgoblins
  10 jackals
  4 kobolds
  3 quokkas
  5 bats
  6 giant newts
  10 rats
108 creatures vanquished.

Vanquished Creatures (others)
  An adder (D:3)
1 creature vanquished.

Grand Total: 109 creatures vanquished

Notes
Turn   | Place    | Note
--------------------------------------------------------------
     0 | D:1      | namelastname112 the Draconian Hunter began the quest for the Orb.
     0 | D:1      | Reached XP level 1. HP: 17/17 MP: 1/1
   293 | D:1      | Reached XP level 2. HP: 25/25 MP: 2/2
   428 | D:1      | Reached skill level 4 in Bows
   702 | D:2      | Reached XP level 3. HP: 13/30 MP: 3/3
  1222 | D:2      | Reached XP level 4. HP: 14/38 MP: 4/4
  1957 | D:2      | Found a white marble altar of Elyvilon.
  1997 | D:2      | Reached XP level 5. HP: 18/45 MP: 5/5
  2185 | D:3      | Reached skill level 5 in Bows
  2228 | D:3      | Found a snail-covered altar of Cheibriados.
  2417 | D:3      | Found an ancient bone altar of Kikubaaqudgha.
  2436 | D:3      | Reached XP level 6. HP: 44/52 MP: 6/6
  3324 | D:4      | Got an ancient whip
  3325 | D:4      | Identified the cursed +3 whip of Internal Strife {drain, rC+} (You found it on level 4 of the Dungeon)
  3336 | D:4      | Noticed YrmMerkstave's ghost (amateur MfGl)
  3453 | D:5      | Entered Level 5 of the Dungeon
  3675 | D:5      | Noticed Menkaure
  3675 | D:5      | Noticed Duvessa
  3675 | D:5      | Noticed Dowan
  3689 | D:5      | Reached skill level 6 in Bows
  3693 | D:5      | Killed Duvessa
  3693 | D:5      | Reached XP level 7. HP: 11/60 MP: 7/7
  3693 | D:5      | Your scales start taking on a dull iron-grey colour.
  3693 | D:5      | Gained mutation: You can survive without breathing. [Grey Draconian growth]
  4668 | D:4      | HP: 3/60 [YrmMerkstave's ghost (9)]
  5186 | D:5      | Killed Dowan
  5214 | D:5      | Noticed Grinder
  5321 | D:5      | Killed from afar by an orc priest

Vault maps used:
D:1:      evilmike_arrival_hilbert_curve
D:2:      lemuel_coloured_pillars_altar, grunt_ministairs_12
D:3:      kennysheep_vampire_church, cheibriados_altar_1, wad_floor_pattern_1
D:4:      first_bread
D:5:      serial_shops, shop, uniq_menkaure, uniq_duvessa,
          uniq_crazy_yiuf_cottage, uniq_grinder

Action                   |  1- 3 |  4- 6 |  7- 9 || total
-------------------------+-------+-------+-------++-------
Melee: Spear             |   119 |   172 |    29 ||   320
       Short sword       |     9 |       |       ||     9
       Whip              |       |       |    58 ||    58
 Fire: Shortbow          |       |    27 |       ||    27
Evoke: Wand              |       |       |     1 ||     1
  Use: Potion            |       |     4 |     3 ||     7
       Scroll            |       |     1 |       ||     1
 Stab: Sleeping          |     4 |     5 |     1 ||    10
  Eat: Chunk             |     1 |     6 |       ||     7
       Meat ration       |       |     1 |     1 ||     2
